Map: Dusk Towers

Players

morSellout

  • Race: Terran Terran
  • League: Master

TheMakzy

  • Race: Terran Terran
  • League: Master

Pakt

  • Race: Terran Terran
  • League: Platinum

Lompe

  • Race: Terran Terran

VOD

Have the link to the VOD?

Description

Time

  • Played on: Feb. 8, 2016, 4:37 p.m.
  • Length: 9:05
Show
View Real Time Build Order
Export as new Build Order

morSellout Terran 

Build Orders: 1/1/1, MMM Bio, Banshee Rush 

Get SALT Encoding   

  12  0:01  SCV  
  13  0:13  SCV  
  14  0:19  Supply Depot  
  14  0:25  SCV  
  15  0:30  Refinery  
  15  0:40  SCV  
  16  0:44  Barracks  
  16  0:52  SCV  
  17  0:57  Refinery  
  17  1:04  SCV  
  18  1:16  SCV  
  20  1:33  Reaper  
  20  1:34  Orbital Command  
  20  1:36  Factory  
  20  1:47  Supply Depot  
  20  2:00  SCV  
  21  2:06  Reaper  
  22  2:12  SCV  
  23  2:24  Hellion, Starport  
  23  2:25  SCV  
  26  2:33  Supply Depot  
  27  2:37  SCV  
  27  2:39  Barracks Tech Lab  
  27  2:50  Hellion  
  28  2:52  SCV  
  29  3:04  SCV  
  30  3:06  Cloaking Field  
  32  3:13  Viking  
  32  3:15  Barracks Reactor, Widow Mine  
  34  3:30  Command Center  
  34  3:32  SCV  
  35  3:35  Supply Depot  
  35  3:43  Raven  
  35  3:44  SCV  
  35  3:47  Factory Tech Lab  
  38  3:55  Marine  
  39  3:56  SCV, Marine  
  39  3:58  Supply Depot  
  41  4:09  SCV  
  42  4:14  Cyclone, Marine  
  42  4:15  Marine  
  47  4:21  SCV  
  48  4:26  Banshee  
  51  4:33  SCV  
  52  4:39  Marine x2  
  52  4:42  Orbital Command  
  54  4:48  SCV  
  54  4:55  Siege Tank  
  57  5:00  SCV  
  57  5:01  Marine x2  
  57  5:15  SCV  
  57  5:19  SCV  
  56  5:27  SCV  
  55  5:31  SCV  
  56  5:39  SCV  
  56  5:40  Command Center  
  56  5:43  SCV  
  55  5:51  SCV  
  55  6:01  SCV  
  55  6:02  Barracks  
  55  6:03  Barracks  
  52  6:06  Stimpack, Marine  
  52  6:09  SCV  
  54  6:14  Siege Tank  
  54  6:15  SCV  
  58  6:21  Viking  
  57  6:26  Marine  
  57  6:30  SCV x2  
  60  6:42  SCV  
  60  6:43  SCV  
  62  6:52  Barracks Tech Lab x2  
  60  6:57  SCV, Marine  
  60  6:58  SCV  
  60  7:01  Orbital Command  
  61  7:10  SCV x2  
  61  7:14  Combat Shields  
  63  7:20  Marine  
  63  7:21  Marine x2  
  63  7:22  SCV, Orbital Command  
  67  7:27  Medivac  
  67  7:28  Medivac, SCV  
  72  7:34  SCV  
  72  7:35  Siege Tank  
  76  7:38  Marine  
  76  7:39  Refinery  
  76  7:40  Refinery, SCV  
  76  7:42  Marine  
  80  7:46  SCV  
  80  7:49  Engineering Bay  
  80  7:51  Engineering Bay  
  80  7:52  Barracks Reactor  
  80  8:00  Barracks  
  80  8:03  SCV, Barracks  
  81  8:06  Marine  
  81  8:10  SCV x2  
  81  8:11  Marine  
  85  8:24  Marine  
  85  8:26  Siege Tank  
  85  8:42  SCV x2, Marine x2  
  85  8:43  Marine  
  85  8:44  SCV, Marine  
Show
View Real Time Build Order
Export as new Build Order

TheMakzy Terran 

Build Orders: Reaper Expand, MMM Bio 

Get SALT Encoding   

  12  0:01  SCV  
  13  0:13  SCV  
  14  0:18  Supply Depot  
  14  0:25  SCV  
  15  0:40  SCV  
  15  0:42  Barracks  
  16  0:46  Refinery  
  16  0:52  SCV  
  17  1:04  SCV  
  18  1:16  SCV  
  19  1:28  Orbital Command  
  19  1:30  Reaper  
  20  1:44  Command Center  
  20  1:53  Supply Depot  
  20  1:54  SCV  
  21  2:05  Marine  
  21  2:06  SCV  
  22  2:18  SCV  
  22  2:19  Refinery  
  22  2:20  Factory  
  23  2:28  Marine  
  24  2:30  SCV  
  25  2:42  SCV  
  26  2:53  Barracks Reactor  
  26  2:55  SCV  
  26  2:57  Orbital Command  
  27  3:03  Widow Mine  
  29  3:05  Starport  
  29  3:07  SCV  
  30  3:15  Supply Depot  
  30  3:19  SCV  
  31  3:21  Engineering Bay  
  31  3:26  SCV  
  32  3:30  Marine x2  
  32  3:31  SCV  
  32  3:34  Widow Mine  
  35  3:38  SCV  
  38  3:43  Medivac, SCV  
  38  3:47  Marine  
  38  3:48  Marine  
  43  3:49  Missile Turret  
  43  3:50  SCV  
  43  3:51  Missile Turret  
  43  3:55  SCV  
  45  4:02  SCV, Liberator  
  45  4:07  SCV  
  49  4:15  SCV  
  49  4:16  Factory Tech Lab  
  48  4:19  SCV  
  48  4:21  Marine x2  
  54  4:24  Supply Depot  
  54  4:26  Supply Depot  
  54  4:34  Supply Depot  
  54  4:37  SCV  
  54  4:45  Marine x2  
  54  4:46  SCV, Siege Tank  
  54  4:49  SCV  
  61  4:53  Missile Turret  
  61  4:58  SCV  
  62  5:02  SCV  
  62  5:03  Liberator, Marine x2  
  65  5:10  SCV  
  65  5:14  SCV  
  67  5:15  Barracks  
  67  5:18  Barracks, Siege Tank  
  73  5:21  Marine x2  
  73  5:25  Supply Depot  
  75  5:29  Supply Depot  
  75  5:32  SCV x2  
  75  5:34  Refinery  
  77  5:36  Refinery  
  77  5:42  Marine x2  
  72  5:50  Siege Tank  
  71  5:57  SCV x2  
  71  6:01  Command Center  
  72  6:09  SCV x2  
  74  6:14  Marine x2  
  74  6:16  Barracks Tech Lab x2  
  76  6:19  Terran Infantry Weapons Level 1  
  76  6:21  SCV x2  
  76  6:22  Supply Depot  
  76  6:23  Siege Tank  
  76  6:25  Starport Reactor  
  81  6:32  Marine x2  
  82  6:33  SCV x2  
  82  6:35  Stimpack  
  82  6:36  Supply Depot  
  85  6:40  Combat Shields  
  85  6:42  Marine x2  
  85  6:45  SCV  
  88  6:50  Marine x2  
  87  6:55  Supply Depot  
  87  6:57  Siege Tank  
  87  6:58  Supply Depot  
  87  6:59  Marine  
  87  7:00  Marine  
  92  7:01  Medivac  
  92  7:04  SCV  
  92  7:08  SCV, Marine x2  
  93  7:15  Orbital Command  
  95  7:16  SCV  
  95  7:18  Supply Depot  
  95  7:21  Barracks  
  95  7:22  Barracks  
  96  7:23  Supply Depot  
  96  7:24  Supply Depot  
  96  7:26  Engineering Bay  
  96  7:27  Armory  
  96  7:28  Medivac  
  98  7:34  Medivac  
  99  7:37  Orbital Command  
  99  7:38  Marine x3  
  102  7:45  SCV x2  
  102  7:49  Marine  
  105  7:56  Marine x2  
  105  7:57  SCV x2  
  105  7:58  Siege Tank, Supply Depot  
  109  8:01  Marine  
  109  8:03  Supply Depot  
  113  8:07  Marine  
  113  8:09  Barracks Reactor  
  113  8:10  Barracks Reactor  
  113  8:11  Medivac  
  116  8:17  Marine x2  
  116  8:18  Medivac  
  118  8:29  SCV x2  
  118  8:30  SCV  
  118  8:32  Marine x2  
  126  8:34  Refinery  
  126  8:35  Marine x2  
  127  8:45  Refinery  
Show
View Real Time Build Order
Export as new Build Order

Pakt Terran 

Build Orders:  

Get SALT Encoding   

Show
View Real Time Build Order
Export as new Build Order

Lompe Terran 

Build Orders:  

Get SALT Encoding   

Tags
 
Add a new tag
Caveats
  • Supply blocks, unpowered buildings, or Contaminate may cause inaccurate times.
  • Supply counts are checked every 10 seconds.